 Dungeon Sprint DCSS version 0.17-a0-1718-g72dbe4d (webtiles) character file.

943 Kidiri the Protected (level 7, -13/67 HPs)
             Began as a Minotaur Fighter on Aug 25, 2015.
             Was a Priest of Okawaru.
             Shot with an arrow by a centaur warrior (15 damage)
             ... in the Dungeon (Sprint IX: "|||||||||||||||||||||||||||||").
             The game lasted 00:05:05 (671 turns).

Kidiri the Protected (Minotaur Fighter)              Turns: 671, Time: 00:05:05

Health: -13/67     AC: 13    Str: 23    XL:     7   Next: 88%
Magic:  8/9        EV: 14    Int:  8    God:    Okawaru [***...]
Gold:   0          SH: 14    Dex:  9    Spells: 0 memorised, 6 levels left

rFire  . . .     SeeInvis .     t - +2 morningstar (crush)
rCold  . . .     Clarity  .     b - +0 scale mail
rNeg   . . .     SustAt   .     c - +0 shield
rPois  .         Gourm    .     (helmet restricted)
rElec  .         Spirit   .     (no cloak)
rCorr  .         Warding  .     (no gloves)
rMut   .         NoTele   +     s - +0 pair of boots
MR     .....                    (no amulet)
Stlth  +.........               r - +2 ring of protection
                                q - +3 ring of intelligence

@: heroism, not resistant to hostile enchantments, very unstealthy
A: retaliatory headbutt, horns 2
a: Heroism, Renounce Religion


You were in the Dungeon.
You worshipped Okawaru.
Okawaru was most pleased with you.
You were not hungry.

You visited 1 branch

Inventory:

Hand weapons
 t - a +2 morningstar of crushing (weapon)
Armour
 b - a +0 scale mail (worn)
 c - a +0 shield (worn)
 s - a +0 pair of boots (worn)
Jewellery
 q - a +3 ring of intelligence (left hand)
 r - a +2 ring of protection (right hand)
Magical devices
 p - a wand of cold (7)
Scrolls
 k - 2 scrolls of blinking
 n - 3 scrolls of remove curse
 o - 2 scrolls of amnesia
Potions
 d - a potion of might
 f - 5 potions of curing
 h - a potion of haste
 i - 4 potions of magic
 j - a potion of berserk rage
 m - a potion of invisibility
Comestibles
 e - a bread ration


   Skills:
 + Level 7.7(12.7) Fighting
 * Level 10.2(15.2) Maces & Flails
 * Level 10.5(15.5) Armour
 + Level 6.1(11.1) Dodging
 * Level 10.4(15.4) Shields
 + Level 5.2 Invocations


You had 6 spell levels left.
You didn't know any spells.

Dungeon Overview and Level Annotations

Branches:
Dungeon (1/1)

Altars:
Cheibriados
Dithmenos
Elyvilon
Fedhas
Gozag
Kikubaaqudgha
Makhleb
Nemelex Xobeh
Okawaru
Qazlal
Ru
Sif Muna
Trog
Vehumet
Xom
Yredelemnul
Zin
The Shining One
Beogh
Jiyva
Lugonu


Innate Abilities, Weirdness & Mutations

You reflexively headbutt those who attack you in melee.
You have a pair of horns on your head.


Message History

Your base Shields skill increases to level 10!
Your Invocations skill increases to level 5!
Something hits you!
* * * LOW HITPOINT WARNING * * *
Deactivating autopickup; reactivate with Ctrl-A.
Something hits you but does no damage.
The centaur warrior wields a shortbow.
The centaur warrior shoots an arrow.
You block its attack.
The centaur warrior shoots an arrow.
Reactivating autopickup.
There is an open door here.
The centaur warrior shoots an arrow.
The arrow hits you!
* * * LOW HITPOINT WARNING * * *
You close the door.
A centaur warrior opens the door.
The centaur warrior shoots an arrow.
You block the arrow.
You see here an arrow.
The centaur warrior shoots an arrow.
You block the arrow.
You see here an arrow.
The centaur warrior shoots an arrow.
The arrow hits you!
You die...

▓)▓
▓.▓
▓[▓
▓[▓
▓.▓
▓.▓
▓'▓
▓)▓
▓@▓
▓(▓
▓(▓
▓.▓
▓.▓
▓'▓
▓c▓
▓H▓
▓.▓


You could see a centaur warrior and a manticore.

Vanquished Creatures
  A queen bee (shapeshifter) (D)
  A slime creature (D)
  A wyvern (D)
  A necrophage (D)
  2 orc warriors (D)
  A big kobold (D)
  A crimson imp (D)
  An adder (D)
  3 giant geckos (D)
  An orc (D)
  2 giant cockroaches (D)
  A jackal (D)
  A kobold (D)
  A giant gecko skeleton (D)
  A giant newt (D)
19 creatures vanquished.

Vanquished Creatures (others)
  An unseen horror (D)
1 creature vanquished.

Grand Total: 20 creatures vanquished

Notes
Turn   | Place    | Note
--------------------------------------------------------------
     0 | D        | Kidiri the Minotaur Fighter began the quest for the Orb.
     0 | D        | Reached XP level 1. HP: 19/19 MP: 0/0
    13 | D        | Reached skill level 4 in Armour
   107 | D        | Reached skill level 1 in Dodging
   107 | D        | Reached XP level 2. HP: 27/27 MP: 1/1
   117 | D        | Reached skill level 5 in Armour
   253 | D        | Found a glowing silver altar of Zin.
   253 | D        | Found a glowing golden altar of the Shining One.
   253 | D        | Found an ancient bone altar of Kikubaaqudgha.
   253 | D        | Found a basalt altar of Yredelemnul.
   253 | D        | Found a shimmering altar of Xom.
   253 | D        | Found a radiant altar of Vehumet.
   254 | D        | Found an iron altar of Okawaru.
   255 | D        | Found a burning altar of Makhleb.
   256 | D        | Found a deep blue altar of Sif Muna.
   257 | D        | Found a bloodstained altar of Trog.
   258 | D        | Found a sparkling altar of Nemelex Xobeh.
   259 | D        | Found a white marble altar of Elyvilon.
   260 | D        | Found a roughly hewn altar of Beogh.
   261 | D        | Found a viscous altar of Jiyva.
   262 | D        | Became a worshipper of Warmaster Okawaru
   263 | D        | Found a corrupted altar of Lugonu.
   264 | D        | Found a blossoming altar of Fedhas.
   265 | D        | Found a snail-covered altar of Cheibriados.
   266 | D        | Found a shadowy altar of Dithmenos.
   267 | D        | Found a stormy altar of Qazlal.
   268 | D        | Found an opulent altar of Gozag.
   269 | D        | Found a sacrificial altar of Ru.
   317 | D        | Noticed a wyvern
   317 | D        | Noticed a big kobold
   317 | D        | Noticed a necrophage
   317 | D        | Noticed an orc warrior
   317 | D        | Noticed a crimson imp
   325 | D        | Killed a wyvern
   325 | D        | Acquired Okawaru's first power
   325 | D        | Reached skill level 5 in Fighting
   325 | D        | Reached skill level 6 in Maces & Flails
   325 | D        | Reached skill level 7 in Armour
   325 | D        | Reached XP level 3. HP: 9/36 MP: 1/3
   325 | D        | Reached XP level 4. HP: 10/42 MP: 1/4
   325 | D        | Reached XP level 5. HP: 11/48 MP: 1/5
   344 | D        | Killed a big kobold
   349 | D        | Killed a necrophage
   349 | D        | Reached skill level 8 in Armour
   349 | D        | Reached XP level 6. HP: 33/57 MP: 3/7
   358 | D        | Killed a crimson imp
   361 | D        | Killed an orc warrior
   361 | D        | Reached skill level 9 in Armour
   641 | D        | Noticed an orc warrior
   641 | D        | Noticed a slime creature
   641 | D        | Noticed a fire crab
   641 | D        | Noticed a centaur warrior
   641 | D        | Noticed a manticore
   649 | D        | Killed a slime creature
   649 | D        | Reached skill level 5 in Dodging
   649 | D        | Reached XP level 7. HP: 63/66 MP: 6/9
   653 | D        | Killed an orc warrior
   653 | D        | Reached skill level 10 in Armour
   659 | D        | Noticed a queen bee
   659 | D        | a fire crab changed into a queen bee
   663 | D        | Killed a queen bee
   663 | D        | Reached skill level 10 in Maces & Flails
   663 | D        | Reached skill level 10 in Shields
   663 | D        | Reached skill level 5 in Invocations
   665 | D        | Killed an unseen horror
   666 | D        | HP: 1/67 [centaur warrior/arrow (8)]
   671 | D        | Shot with an arrow by a centaur warrior

Vault maps used:
D:        linesprint

Action                   |  1- 3 |  4- 6 |  7- 9 || total
-------------------------+-------+-------+-------++-------
Melee: Flail             |    27 |       |       ||    27
       Morningstar       |     8 |    39 |    11 ||    58
Invok: Heroism           |       |     1 |       ||     1
  Use: Potion            |       |     2 |     1 ||     3
